 Dungeon Crawl Stone Soup version 0.28-a0-1199-gef9e1dbd39 (webtiles) character file.

Game seed: 5652799154337809726

137 karrick the Covered (level 5, 0/33 HPs)
             Began as a Gargoyle Fighter on Dec 20, 2021.
             Slain by a gnoll (8 damage)
             ... on level 2 of the Dungeon.
             The game lasted 00:02:56 (2989 turns).

karrick the Covered (Gargoyle Fighter)              Turns: 2989, Time: 00:02:56

Health: 0/33       AC: 12    Str: 19    XL:     5   Next: 20%
Magic:  5/5        EV:  9    Int:  9    God:
Gold:   73         SH:  4    Dex: 11    Spells: 4/4 levels left

rFire   . . .      SeeInvis .   a - +0 flail
rCold   . . .      Faith    .   c - +0 buckler
rNeg    + + .      Spirit   .   b - +0 scale mail
rPois   ∞          Reflect  .   (no helmet)
rElec   +          Harm     .   (no cloak)
rCorr   .          Rampage  .   n - +0 pair of gloves
Will    .....                   (no boots)
Stlth   ..........              (no amulet)
HPRegen 0.11/turn               f - ring of positive energy
MPRegen 0.09/turn               (no ring)

@: mighty
A: sickness immunity, AC +4, negative energy resistance 1, electricity
resistance, torment resistance 1, petrification resistance
a: no special abilities


You were on level 2 of the Dungeon.
You visited 1 branch of the dungeon, and saw 3 of its levels.

You collected 128 gold pieces.
You spent 55 gold pieces at shops.

Inventory:

Hand Weapons
 a - a +0 flail (weapon)
Armour
 b - a +0 scale mail (worn)
 c - a +0 buckler (worn)
 n - a +0 pair of gloves (worn)
Jewellery
 f - a ring of positive energy (left hand)
Scrolls
 e - a scroll of acquirement {unknown}
 h - a scroll of summoning {unknown}
 k - 3 scrolls of teleportation
 p - a scroll of identify
 q - a scroll of enchant weapon {unknown}
Potions
 g - a potion of heal wounds {unknown}
 i - a potion of lignification {unknown}
 j - a potion of curing {unknown}
 l - a potion of cancellation {unknown}
 m - a potion of berserk rage {unknown}
 o - a potion of magic {unknown}


   Skills:
 + Level 4.0 Fighting
 + Level 3.5 Maces & Flails
 + Level 4.2 Armour
 - Level 0.1 Dodging
 + Level 3.9 Shields


You had 4 spell levels left.
You didn't know any spells.
Your spell library contained the following spells:

 Spells                   Type           Power      Damage    Failure   Level
 Magic Dart               Conj           0%         1d3       75%         1
 Searing Ray              Conj           0%         2d4       87%         2
 Fulminant Prism          Conj/Hex       0%         3d6       100%        4


Dungeon Overview and Level Annotations

Branches:
Dungeon (3/15)

Altars:

Shops:
D:3 :*?


Innate Abilities, Weirdness & Mutations

You are immune to sickness and miasma.
Your stone body is resilient. (AC +4)
You are immune to poison.
You resist negative energy. (rN+)
You are resistant to electric shocks. (rElec)
You are resistant to unholy torment.
You are immune to petrification.


Message History

No target in view!
No target in view!
No target in view!
No target in view!
No target in view!
No target in view!
No target in view!
No target in view!
No target in view!
No target in view!
No target in view!
No target in view!
No target in view!
No target in view!
No target in view!
A gnoll is nearby!
The gnoll shouts!
The gnoll hits you from afar with a +4 spear!
The gnoll hits you with a +4 spear.
You feel very mighty all of a sudden. You block the gnoll's attack.
You sock the gnoll!
The gnoll is severely wounded.
You block the gnoll's attack. The gnoll hits you with a +4 spear.
You barely miss the gnoll.
The gnoll is severely wounded.
The gnoll barely misses you.
You closely miss the gnoll.
The gnoll is severely wounded.
The gnoll hits you with a +4 spear.
* * * LOW HITPOINT WARNING * * *
You hit the gnoll but do no damage.
The gnoll is severely wounded.
You block the gnoll's attack.
A goblin comes into view. It is wielding a +0 club.
You completely miss the gnoll.
The gnoll is severely wounded.
The goblin shouts!
You block the gnoll's attack. The gnoll hits you with a +4 spear!
You die...

..# #.. ..# .. ..# #.# #
##### # #.# ##.P#.#.
..#.#..# ....#.#####.#...#
#..P#.....#...#
#####...#####...#####
#.......g.@.........####.##
#####.>##g##............#..
#####..##.#####.###.####.##
#......##.#####.### # ##
####..###.........# #.
#..###.###.###.# #.
#.......##.# #.# # #.
#..###..##.###.#.# #.
####...# .#....>.#.# #.


You could see a gnoll and a goblin.

Vanquished Creatures
  A hound skeleton (D:3)
  2 gnolls
  4 adders
  2 worms (D:2)
  A dart slug (D:1)
  10 ball pythons
  3 endoplasms
  2 giant cockroaches (D:3)
  3 goblins
  5 hobgoblins
  12 jackals
  5 kobolds
  3 bats (D:1)
  A frilled lizard (D:3)
  2 rats
56 creatures vanquished.

Vanquished Creatures (others)
  3 fungi (D:2)
  3 plants (D:2)
6 creatures vanquished.

Grand Total: 62 creatures vanquished

Notes
Turn   | Place    | Note
-------+----------+-------------------------------------------
     0 | D:1      | karrick the Gargoyle Fighter began the quest for the Orb.
     0 | D:1      | Reached XP level 1. HP: 14/14 MP: 1/1
   236 | D:1      | Reached XP level 2. HP: 19/19 MP: 2/2
   733 | D:1      | Reached XP level 3. HP: 22/24 MP: 3/3
  1582 | D:2      | Reached XP level 4. HP: 29/29 MP: 4/4
  1943 | D:3      | Found Qileog's Assorted Antiques.
  2165 | D:3      | Reached XP level 5. HP: 33/33 MP: 5/5
  2323 | D:3      | Found Paosuw's Magic Scroll Emporium.
  2331 | D:3      | Bought a scroll of identify for 22 gold pieces
  2331 | D:3      | Bought a scroll of teleportation for 33 gold pieces
  2675 | D:3      | Found Atieham's Book Boutique.
  2989 | D:2      | Slain by a gnoll

Illustrated notes

Levels and vault maps discovered:
D:1:      beargit_arrival_greenhouse, layout_loops_ring
D:2:      minmay_spotlight, layout_loops_ring,
          shapermc_ecumenical_altar_rom_forum, patterned_corridor
D:3:      layout_basic, serial_shops, shop, nicolae_shop_advertising_works
          [nicolae_subvault_shop_adworks], nicolae_shop_stone,
          minmay_misc_feat_hallway, nicolae_underground_beach

Skill      XL: |  1  2  3  4 |
---------------+-------------+-----
Armour         | 4 |  4.2
Fighting       | 4 |  4.0
Maces & Flails | 3 |  3.5
Dodging        | |  0.1
Shields        | |  3.9

Action                   |  1- 3 |  4- 6 || total
-------------------------+-------+-------++-------
Melee: Flail             |   135 |    87 ||   222
  Use: Potion            |       |     1 ||     1
Armor: Scale mail        |    61 |    35 ||    96
Dodge: Dodged            |    68 |    42 ||   110
Block: Buckler           |    31 |    24 ||    55

Table legend: (Time is in decaauts)
 A = Elapsed time spent in this place.
 B = Non-inter-level travel time spent in this place.
 C = Inter-level travel time spent in this place.
 D = Time resting spent in this place.
 E = Time spent auto-exploring this place.
 F = Levels seen in this place.
 G = Mean time per level.
                   A        B        C        D        E       F      G
               +--------+--------+--------+--------+--------+-----+--------+
         Total |   3049 |   2959 |     90 |      0 |   2492 |   3 | 1016.3 |
       Dungeon |   3049 |   2959 |     90 |      0 |   2492 |   3 | 1016.3 |
               +--------+--------+--------+--------+--------+-----+--------+

Top non-repeatable levels by time:
     D:3: 1207 daAuts
     D:1: 1068 daAuts
     D:2: 773 daAuts
